 Dungeon Crawl Stone Soup version 0.21-a0-401-g0b6bec4 (webtiles) character file.

541 uglyjohn the Magician (level 7, -4/51 HPs)
             Began as a Gnoll Wizard on Oct 24, 2017.
             Was an Initiate of Cheibriados.
             Slain by an orc wizard
             ... wielding a +1 dagger of electrocution
              (17 damage)
             ... on level 4 of the Dungeon on Oct 25, 2017.
             The game lasted 00:13:09 (3475 turns).

uglyjohn the Magician (Gnoll Wizard)                Turns: 3475, Time: 00:13:09

Health: -4/51      AC:  7    Str: 10    XL:     7   Next: 26%
Magic:  5/18       EV: 12    Int: 24    God:    Cheibriados [......]
Gold:   198        SH:  0    Dex: 14    Spells: 10/21 levels left

rFire    . . .     SeeInvis .   e - -1 club (curse)
rCold    . . .     Gourm    .   (no shield)
rNeg     . . .     Faith    .   i - +0 ring mail (curse)
rPois    .         Spirit   .   b - +0 hat
rElec    .         Reflect  .   f - scarf {cloud immunity}
rCorr    .         Harm     .   g - +1 pair of gloves
MR       .....                  (no boots)
Stlth    ++........             (no amulet)
HPRegen  0.17/turn              (no ring)
MPRegen  0.16/turn              (no ring)

@: very slightly contaminated, invisible, very slow
A: distributed training, fangs 1, strong nose
a: Bend Time, Renounce Religion


You were on level 4 of the Dungeon.
You worshipped Cheibriados.
Cheibriados was noncommittal.
You were hungry.

You visited 2 branches of the dungeon, and saw 5 of its levels.

You collected 198 gold pieces.

Inventory:

Hand Weapons
 e - a cursed -1 club (weapon)
 n - a +0 dagger
 q - a +0 quarterstaff
Missiles
 j - 40 bolts
Armour
 a - a +0 robe
 b - a +0 hat (worn)
 f - a scarf of cloud immunity (worn)
 g - a +1 pair of gloves (worn)
 i - a cursed +0 ring mail (worn)
 r - a +0 scale mail
Jewellery
 l - an uncursed ring of ice
Wands
 z - a wand of polymorph (14/24)
Scrolls
 x - a scroll of enchant armour
Potions
 h - 2 potions of might
 v - a potion of curing
 w - a potion of heal wounds {unknown}
Books
 c - a book of Minor Magic

   Spells                             Type                      Level
   a - Magic Dart                     Conjuration                  1
   b - Blink                          Translocation                2
   c - Call Imp                       Summoning                    2
   d - Slow                           Hexes                        2
   e - Conjure Flame                  Conjuration/Fire             3
   f - Mephitic Cloud                 Conjuration/Poison/Air       3
Comestibles
 d - 5 bread rations
 k - a fruit
 m - 2 royal jellies
 s - 2 meat rations
 A - 3 chunks of flesh


   Skills:
 + Level 2.3 Fighting
 + Level 2.3 Short Blades
 + Level 2.3 Long Blades
 + Level 2.3 Axes
 + Level 2.3 Maces & Flails
 + Level 2.3 Polearms
 + Level 2.3 Staves
 + Level 2.3 Slings
 + Level 2.3 Bows
 + Level 2.3 Crossbows
 + Level 2.3 Throwing
 + Level 2.3 Armour
 + Level 5.1 Dodging
 + Level 4.8 Stealth
 + Level 2.3 Shields
 + Level 2.3 Unarmed Combat
 + Level 7.5 Spellcasting
 + Level 2.9 Conjurations
 + Level 1.9 Hexes
 + Level 1.9 Charms
 + Level 2.9 Summonings
 + Level 1.9 Necromancy
 + Level 2.9 Translocations
 + Level 1.9 Transmutations
 + Level 1.9 Fire Magic
 + Level 1.9 Ice Magic
 + Level 1.9 Air Magic
 + Level 1.9 Earth Magic
 + Level 1.9 Poison Magic
 + Level 2.5 Invocations
 + Level 2.3 Evocations


You had 10 spell levels left.
You knew the following spells:

 Your Spells              Type           Power        Failure   Level  Hunger
a - Magic Dart            Conj           ###.         5%          1    None
b - Blink                 Tloc           N/A          8%          2    None
c - Mephitic Cloud        Conj/Pois/Air  ###.....     21%         3    None
d - Call Imp              Summ           ###.....     8%          2    None
e - Conjure Flame         Conj/Fire      ###.....     19%         3    None


Dungeon Overview and Level Annotations

Branches:
Dungeon (4/15)             Temple (1/1) D:4

Altars:
Ashenzari
Cheibriados
Dithmenos
Elyvilon
Fedhas
Hepliaklqana
Kikubaaqudgha
Nemelex Xobeh
Okawaru
Qazlal
Ru
Sif Muna
Trog
Uskayaw
Wu Jian
Xom
Yredelemnul
Zin
The Shining One

Annotations:
D:4 1 exclusion


Innate Abilities, Weirdness & Mutations

Your experience applies equally to all skills.
You have very sharp teeth.
Your uncanny sense of smell can sniff out nearby items.


Message History

The orc wizard gestures at the yak while chanting.
You resist with some effort.
The orc wizard gestures at you while chanting.
The magic dart hits you!
* * * LOW HITPOINT WARNING * * *
The orc wizard gestures at something while chanting.
The magic dart hits you!
* * * LOW HITPOINT WARNING * * *
The orc wizard casts a spell at you. The magic dart hits you!
* * * LOW HITPOINT WARNING * * *
The orc priest mumbles some strange prayers to Beogh against you.
The orc wizard writhes in agony!
The orc priest calls upon Beogh to heal the orc wizard.
The orc wizard is healed somewhat.
You feel better. The orc wizard completely misses you.
The orc wizard hits you but does no damage.
The orc wizard hits you but does no damage.
You are electrocuted!
You die...

.........#####.#....#
.........# #.#.##.# .........#
#.#<...# .........#####.#.#..#
......#..........#..# ## ..##
......#..........####... .o..
......#...............# ∆#..#
......#...............# #..#
......#.........@##### #..#
......########+#o# #..#
......########.#.# #..#.
....).##.......#.# ..#....
...#####.......#o# ..#o#.. ...#
#.......#o# #.#o# . ...#
#########.#.##########.#l#
...###.......#.#oY..........#.#
).÷....8.8.8.#.#.Y..........#!#


You could see a yak, an orc priest, an orc wizard and 2 orcs.

Vanquished Creatures
  2 yaks (D:4)
  A hound (D:4)
  An orc wizard (D:3)
  A bullfrog skeleton (D:4)
  8 adders
  2 worms
  A dart slug (D:1)
  A leopard gecko (D:3)
  10 orcs
  5 bats
  A giant cockroach (D:2)
  5 hobgoblins
  2 quokkas
  5 frilled lizards
  4 goblins
  4 kobolds
  5 rats
58 creatures vanquished.

Vanquished Creatures (collateral kills)
  An orc priest (D:3)
1 creature vanquished.

Grand Total: 59 creatures vanquished

Notes
Turn   | Place    | Note
-------+----------+-------------------------------------------
     0 | D:1      | uglyjohn the Gnoll Wizard began the quest for the Orb.
     0 | D:1      | Reached XP level 1. HP: 13/13 MP: 8/8
   253 | D:1      | Reached XP level 2. HP: 19/19 MP: 6/10
   257 | D:1      | Learned a level 2 spell: Blink
   260 | D:1      | Learned a level 2 spell: Call Imp
   598 | D:1      | You fall through a shaft!
   732 | D:2      | Reached XP level 3. HP: 25/25 MP: 1/11
  1201 | D:2      | Reached skill level 1 in Invocations
  1786 | D:3      | Reached skill level 1 in Fighting
  1786 | D:3      | Reached skill level 1 in Short Blades
  1786 | D:3      | Reached skill level 1 in Long Blades
  1786 | D:3      | Reached skill level 1 in Axes
  1786 | D:3      | Reached skill level 1 in Maces & Flails
  1786 | D:3      | Reached skill level 1 in Polearms
  1786 | D:3      | Reached skill level 1 in Staves
  1786 | D:3      | Reached skill level 1 in Slings
  1786 | D:3      | Reached skill level 1 in Bows
  1786 | D:3      | Reached skill level 1 in Crossbows
  1786 | D:3      | Reached skill level 1 in Throwing
  1786 | D:3      | Reached skill level 1 in Armour
  1786 | D:3      | Reached skill level 1 in Shields
  1786 | D:3      | Reached skill level 1 in Unarmed Combat
  1786 | D:3      | Reached skill level 1 in Evocations
  1786 | D:3      | Reached XP level 4. HP: 29/32 MP: 2/13
  1860 | D:3      | Reached skill level 1 in Hexes
  1860 | D:3      | Reached skill level 1 in Charms
  1860 | D:3      | Reached skill level 1 in Necromancy
  1860 | D:3      | Reached skill level 1 in Transmutations
  1860 | D:3      | Reached skill level 1 in Fire Magic
  1860 | D:3      | Reached skill level 1 in Ice Magic
  1860 | D:3      | Reached skill level 1 in Air Magic
  1860 | D:3      | Reached skill level 1 in Earth Magic
  1860 | D:3      | Reached skill level 1 in Poison Magic
  2056 | D:3      | Found a stormy altar of Qazlal.
  2112 | D:3      | Reached XP level 5. HP: 37/37 MP: 6/14
  2120 | D:3      | Learned a level 3 spell: Mephitic Cloud
  2124 | D:3      | Learned a level 3 spell: Conjure Flame
  2470 | D:3      | Found an ornate altar of the Wu Jian Council.
  3168 | D:4      | Found a staircase to the Ecumenical Temple.
  3181 | Temple   | Entered the Ecumenical Temple
  3274 | Temple   | Became a worshipper of Cheibriados the Contemplative
  3359 | D:4      | Reached XP level 6. HP: 36/44 MP: 9/16
  3369 | D:4      | Noticed a yak
  3369 | D:4      | Noticed a yak
  3424 | D:4      | Noticed a yak
  3424 | D:4      | Noticed a yak
  3435 | D:4      | Killed a yak
  3435 | D:4      | Reached skill level 5 in Dodging
  3444 | D:4      | Killed a yak
  3444 | D:4      | Reached XP level 7. HP: 46/51 MP: 2/18
  3470 | D:4      | HP: 1/51 [orc wizard/magic dart (3)]
  3475 | D:4      | Slain by an orc wizard

Vault maps used:
D:1:      minmay_arrival_hallway
D:2:      first_bread, bh_walls_and_bars
D:3:      lemuel_crystal_altar, nrook_loot_triangle, grunt_qazlal_clouds
D:4:      minmay_temple_entry_statues_fountains, uniq_crazy_yiuf_cottage
Temple:   kilobyte_greek_temple

Skill      XL: |  1  2  3  4  5  6 |
---------------+-------------------+-----
Conjurations   | 2 |  2.9
Summonings     | 2 |  2.9
Translocations | 2 |  2.9
Invocations    | 1 2 |  2.5
Fighting       | 1 2 |  2.3
Short Blades   | 1 2 |  2.3
Long Blades    | 1 2 |  2.3
Axes           | 1 2 |  2.3
Maces & Flails | 1 2 |  2.3
Polearms       | 1 2 |  2.3
Staves         | 1 2 |  2.3
Slings         | 1 2 |  2.3
Bows           | 1 2 |  2.3
Crossbows      | 1 2 |  2.3
Throwing       | 1 2 |  2.3
Armour         | 1 2 |  2.3
Shields        | 1 2 |  2.3
Unarmed Combat | 1 2 |  2.3
Evocations     | 1 2 |  2.3
Hexes          | 1 |  1.9
Charms         | 1 |  1.9
Necromancy     | 1 |  1.9
Transmutations | 1 |  1.9
Fire Magic     | 1 |  1.9
Ice Magic      | 1 |  1.9
Air Magic      | 1 |  1.9
Earth Magic    | 1 |  1.9
Poison Magic   | 1 |  1.9
Dodging        | 5 |  5.1
Stealth        | |  4.8
Spellcasting   | |  7.5

Action                   |  1- 3 |  4- 6 |  7- 9 || total
-------------------------+-------+-------+-------++-------
Melee: Club              |       |    23 |     5 ||    28
       Bite              |       |     5 |       ||     5
 Cast: Magic Dart        |    73 |   124 |       ||   197
       Call Imp          |     1 |     3 |       ||     4
       Conjure Flame     |       |     3 |     1 ||     4
  Use: Scroll            |     6 |     3 |       ||     9
       Potion            |       |     3 |     2 ||     5
 Stab: Invisible         |       |     1 |       ||     1
  Eat: Chunk             |     2 |     5 |       ||     7
Armor: Ring mail         |    10 |    16 |     7 ||    33
Dodge: Dodged            |     8 |    40 |    10 ||    58

Table legend:
 A = Spawn XP
 B = Non-spawn XP
 C = Spawn XP percentage of total XP
 D = Spawn monster count
 E = Non-spawn monster count
 F = Spawn count percentage of total count
 G = Total turns spent on level
                    A         B        C        D         E        F      G
               +---------+---------+-------+---------+---------+-------+---------
         Total |       0 |     774 |   0.0 |       0 |      59 |   0.0 |  3475
               +---------+---------+-------+---------+---------+-------+---------
           D:1 |       0 |      20 |   0.0 |       0 |      13 |   0.0 |   598
           D:2 |       0 |      42 |   0.0 |       0 |      10 |   0.0 |  1060
           D:3 |       0 |     157 |   0.0 |       0 |      23 |   0.0 |  1264
           D:4 |       0 |     555 |   0.0 |       0 |      13 |   0.0 |   423
               +---------+---------+-------+---------+---------+-------+---------
